 Dungeon Crawl Stone Soup version 0.30-a0-568-g124715a40b (webtiles) character file.

Game seed: 14744148722594646843

426 bmack86 the Chopper (level 6, -3/56 HPs)
             Began as a Minotaur Fighter on Dec 29, 2022.
             Was a Follower of Okawaru.
             Slain by an orc warrior
             ... wielding a +0 trident
              (4 damage)
             ... on level 4 of the Dungeon.
             The game lasted 00:10:14 (3259 turns).

bmack86 the Chopper (Minotaur Fighter)              Turns: 3259, Time: 00:10:15

Health: -3/56      AC: 12    Str: 23    XL:     6   Next: 64%
Magic:  5/5        EV:  6    Int:  5    God:    Okawaru [*.....]
Gold:   178        SH:  4    Dex:  9    Spells: 5/5 levels left

rFire   . . .      SeeInvis .    a - +0 war axe
rCold   . . .      Faith    .    c - +0 buckler
rNeg    . . .      Spirit   .    e - +0 plate armour
rPois   .          Reflect  .    (helmet restricted)
rElec   .          Harm     .    (no cloak)
rCorr   .          Rampage  .    (no gloves)
Will    +....                    (no boots) Stlth
                                 (no amulet)
HPRegen 0.29/turn                h - ring of willpower
MPRegen 0.09/turn                (no ring)

@: mighty
A: horns 2, retaliatory headbutt
a: Renounce Religion, Heroism


You were on level 4 of the Dungeon.
You worshipped Okawaru.
Okawaru was aware of your devotion.
You visited 1 branch of the dungeon, and saw 4 of its levels.

You collected 178 gold pieces.

Inventory:

Hand Weapons
 a - a +0 war axe (weapon)
Missiles
 i - 6 boomerangs (quivered)
 m - 4 poisoned darts
Armour
 b - a +0 scale mail
 c - a +0 buckler (worn)
 e - a +0 plate armour (worn)
Jewellery
 h - a ring of willpower (left hand)
Scrolls
 f - 2 scrolls of blinking
 j - a scroll of enchant weapon
 k - 2 scrolls of teleportation {unknown}
 n - a scroll of brand weapon {unknown}
 o - 2 scrolls of amnesia {unknown}
 p - a scroll of poison {unknown}
 s - a scroll of identify
 t - a scroll of magic mapping {unknown}
Potions
 d - 2 potions of might
 g - 2 potions of curing
 l - a potion of attraction
 q - a potion of mutation {unknown}
 r - 2 potions of flight {unknown}
 u - a potion of haste {unknown}


   Skills:
 + Level 5.0 Fighting
 * Level 5.4 Axes
 + Level 2.2 Throwing
 + Level 5.0 Armour
 + Level 4.9 Shields


You had 5 spell levels left.
You didn't know any spells.
Your spell library contained the following spells:

 Spells                   Type           Power      Damage    Failure   Level
 Blink                    Tloc           0%         N/A       100%        2
 Manifold Assault         Tloc           0%         N/A       100%        4
 Storm Form               Tmut/Air       0%         N/A       100%        7


Dungeon Overview and Level Annotations

Branches:
Dungeon (4/15)
 Temple: D:4-7

Altars:
Elyvilon
Makhleb
Nemelex Xobeh
Okawaru


Innate Abilities, Weirdness & Mutations

You have a pair of horns on your head.
You reflexively headbutt those who attack you in melee.


Message History

The orc is almost dead.
The orc hits you with a +0 hand axe.
You slash the orc!
You kill the orc!
Okawaru accepts your kill.
The orc warrior hits you from afar with a +0 trident!
You throw a boomerang.
The boomerang hits the orc warrior but does no damage.
The orc warrior barely misses you.
The orc warrior hits you but does no damage.
The orc warrior hits you with a +0 trident.
Things that are here:
a +0 hand axe; 2 boomerangs; 8 gold pieces You hit the orc warrior but do no damage.
The orc warrior hits you with a +0 trident.
You hit the orc warrior. Your headbutt misses the orc warrior.
The orc warrior is lightly wounded.
The orc warrior hits you with a +0 trident!
You barely miss the orc warrior.
The orc warrior is lightly wounded.
The orc warrior hits you with a +0 trident.
You block the orc warrior's attack.
You slash the orc warrior!
The orc warrior is heavily wounded.
The orc warrior hits you with a +0 trident.
You feel very mighty all of a sudden.
The orc warrior hits you but does no damage.
You completely miss the orc warrior.
The orc warrior is heavily wounded.
The orc warrior hits you with a +0 trident!
* * * LOW HITPOINT WARNING * * *
You hit the orc warrior.
The orc warrior is heavily wounded.
You block the orc warrior's attack.
The orc warrior hits you with a +0 trident.
* * * LOW HITPOINT WARNING * * *
You closely miss the orc warrior. You headbutt the orc warrior!
The orc warrior is severely wounded.
The orc warrior hits you with a +0 trident.
You die...

##.## #.# #.# ##.## #.#
#...# ##'## ####.######
##...## #.........#
##.....## #..#.###..#
##.......## #..#.###..#
###.........####.....##..#
..'.........'...@o...##..#
###....[....####.........#
##.......#####./##.##.##
## ##.....## #..........#
.# ##...## #.#####>#### .#
####'######.## #.# .#
#.P..........# #.# .#
#P.P..~~.†..P# #.# .#
#....~~~~≈..P####.#


You could see an orc warrior.

Vanquished Creatures
  A scorpion (D:4)
  A hound (D:4)
  2 orc priests
  Jessica (D:3)
  2 iguanas (D:4)
  7 adders
  A worm (D:2)
  2 dart slugs
  14 orcs
  11 bats
  7 endoplasms
  4 giant cockroaches
  12 goblins
  2 hobgoblins (D:4)
  14 jackals
  3 kobolds (D:1)
  3 quokkas
  11 ball pythons
  6 frilled lizards
  8 rats
112 creatures vanquished.

Vanquished Creatures (others)
  7 plants (D:4)
7 creatures vanquished.

Grand Total: 119 creatures vanquished

Notes
Turn   | Place    | Note
-------+----------+-------------------------------------------
     0 | D:1      | bmack86 the Minotaur Fighter began the quest for the Orb.
     0 | D:1      | Reached XP level 1. HP: 19/19 MP: 0/0
    72 | D:1      | Reached XP level 2. HP: 27/27 MP: 1/1
   444 | D:1      | Reached XP level 3. HP: 29/33 MP: 2/2
   753 | D:2      | Found a sparkling altar of Nemelex Xobeh.
  1106 | D:2      | Reached XP level 4. HP: 40/40 MP: 3/3
  1257 | D:2      | Reached skill level 1 in Throwing
  1501 | D:3      | Found an iron altar of Okawaru.
  1512 | D:3      | Became a worshipper of Warmaster Okawaru
  2108 | D:3      | Noticed Jessica
  2113 | D:3      | Killed Jessica
  2114 | D:3      | Reached XP level 5. HP: 47/47 MP: 4/4
  2493 | D:4      | Reached XP level 6. HP: 53/53 MP: 5/5
  2563 | D:4      | Reached skill level 5 in Axes
  2620 | D:4      | Reached * piety under Okawaru
  2876 | D:4      | Reached skill level 5 in Armour
  2933 | D:4      | Found a white marble altar of Elyvilon.
  2977 | D:4      | Reached skill level 5 in Fighting
  3022 | D:4      | Found a burning altar of Makhleb.
  3246 | D:4      | Noticed an orc warrior
  3258 | D:4      | HP: 1/56 [orc warrior/+0 trident (6)]
  3259 | D:4      | Slain by an orc warrior

Illustrated notes

Levels and vault maps discovered:
D:1:      reono_arrival_mine, layout_basic
D:2:      minmay_diamond_boxcup, layout_loops_ring, basic_altar
D:3:      layout_loops_corners, okawaru_gym_becter, uniq_jessica
D:4:      layout_loops_corners, kennysheep_mini_moat, lemuel_tele_altar,
          guppyfry_early_lair_pool

Skill      XL: |  1  2  3  4  5  6 |
---------------+-------------------+-----
Axes           | 3 4 5 |  5.4
Armour         | 4 5 |  5.0
Shields        | 4 |  4.9
Fighting       | 4 5 |  5.0
Throwing       | 1 2 |  2.2

Action                   |  1- 3 |  4- 6 || total
-------------------------+-------+-------++-------
Melee: War axe           |    69 |    97 ||   166
       Headbutt          |     5 |    14 ||    19
Throw: Boomerang         |    29 |    57 ||    86
  Use: Scroll            |     3 |     1 ||     4
       Potion            |       |     1 ||     1
Armor: Scale mail        |    41 |    14 ||    55
       Plate armour      |       |    52 ||    52
Dodge: Dodged            |    44 |    46 ||    90
Block: Buckler           |    19 |    26 ||    45

Table legend: (Time is in decaauts)
 A = Elapsed time spent in this place.
 B = Non-inter-level travel time spent in this place.
 C = Inter-level travel time spent in this place.
 D = Time resting spent in this place.
 E = Time spent auto-exploring this place.
 F = Levels seen in this place.
 G = Mean time per level.
                   A        B        C        D        E       F      G
               +--------+--------+--------+--------+--------+-----+--------+
         Total |   3340 |   3247 |     93 |      0 |   2417 |   4 |  835.0 |
       Dungeon |   3340 |   3247 |     93 |      0 |   2417 |   4 |  835.0 |
               +--------+--------+--------+--------+--------+-----+--------+

Top non-repeatable levels by time:
     D:4: 997 daAuts
     D:2: 803 daAuts
     D:3: 797 daAuts
     D:1: 741 daAuts
